AoeStats
← lmol

Black Forest

512991663Analyzed
4v4 RM · 4d ago on Oct 11, 2026· 58m 23s· 8 players
Game mode
Random Map
Map size
Large (8 player)
Population
200
Speed
Normal
Resources
Standard
Victory
Conquest
Starting age
Dark Age
Ending age
Imperial Age
RankedLock teamsTeams togetherTeam positionsShared explorationLock speedFull tech treeHidden civsTurbo modeCheats
Victory
Defeat
🇷🇺 Chinese · Russia
672
+7
🇪🇬 Britons · Egypt
671
+7
🇹🇷 Byzantines · Türkiye
580
+9
🇪🇸 Celts · Spain
520
+11
vs
🇲🇽 Slavs · Mexico
483
-11
🇺🇸 Romans · United States
433
-8
🇲🇽 Aztecs · Mexico
428
-8
🇲🇽 Byzantines · Mexico
396
-7
SegrePuigmal
12:49 Feudal Age
13:24 Double-Bit Axe
21:47 Castle Age
20:22 Horse Collar
23:09 Bow Saw
23:06 Heavy Plow
22:35 Pikeman
37:44 Imperial Age
36:20 Scale Mail Armor
36:25 Padded Archer Armor
38:48 Conscription
40:04 Furor Celtica
40:00 Halberdier
42:44 Heavy Scorpion
48:19 Chain Mail Armor
50:50 Elite Woad Raider
52:08 Plate Mail Armor
hawyak12
0:52 Loom
14:52 Feudal Age
17:36 Wheelbarrow
16:45 Horse Collar
16:54 Double-Bit Axe
23:05 Castle Age
21:52 Stone Mining
21:53 Gold Mining
22:23 Forging
22:14 Scale Mail Armor
22:20 Scale Barding Armor
22:16 Padded Archer Armor
22:10 Fletching
24:06 Hand Cart
23:54 Heavy Plow
25:35 Bow Saw
27:24 Stone Shaft Mining
28:11 Treadmill Crane
28:53 Ballistics
29:23 Husbandry
28:43 Light Cavalry
30:39 Gold Shaft Mining
34:28 Imperial Age
31:58 Murder Holes
33:25 Leather Archer Armor
34:00 Greek Fire
34:50 Fortified Wall
34:47 Caravan
35:49 Conscription
37:14 Crop Rotation
38:18 Two-Man Saw
43:02 Hoardings
43:57 Logistica
44:23 Elite Cataphract
46:12 Chemistry
45:03 Guard Tower
44:59 Arrowslits
45:54 Coinage
45:35 Guilds
45:27 Cavalier
45:40 Hussar
46:48 Chain Barding Armor
46:44 Chain Mail Armor
47:05 Iron Casting
46:26 Bodkin Arrow
48:22 Banking
48:36 Plate Barding Armor
48:32 Ring Archer Armor
48:28 Paladin
49:46 Plate Mail Armor
53:43 Bracer
dcpromo26
1:17 Loom
14:38 Feudal Age
15:47 Town Watch
24:23 Castle Age
22:13 Horse Collar
22:25 Double-Bit Axe
23:44 Gold Mining
23:58 Arson
28:51 Caravan
30:36 Bow Saw
31:10 Wheelbarrow
32:12 Heavy Plow
33:02 Ballistics
32:54 Fortified Wall
33:10 Fletching
33:47 Stone Mining
34:40 Squires
36:36 Gold Shaft Mining
36:39 Stone Shaft Mining
36:32 Murder Holes
37:47 Hand Cart
37:31 Bodkin Arrow
38:15 Town Patrol
39:57 Great Wall
42:43 Imperial Age
40:23 Padded Archer Armor
40:34 Forging
40:39 Scale Mail Armor
41:32 Masonry
41:48 Leather Archer Armor
43:32 Elite Chu Ko Nu
44:33 Conscription
43:58 Elite Fire Lancer
45:51 Rocketry
45:35 Bracer
45:52 Chain Mail Armor
46:52 Two-Man Saw
46:09 Heavy Rocket Cart
46:50 Pikeman
48:17 Thumb Ring
51:41 Halberdier
55:03 Ring Archer Armor
55:04 Plate Mail Armor
55:09 Iron Casting
mfouad134
12:17 Feudal Age
12:42 Double-Bit Axe
12:39 Horse Collar
13:37 Wheelbarrow
14:44 Fishing Lines
21:46 Castle Age
20:12 Gold Mining
20:18 Stone Mining
22:40 Bow Saw
22:32 Heavy Plow
24:49 Hand Cart
25:32 Caravan
25:32 Gillnets
26:28 Gold Shaft Mining
33:05 Imperial Age
30:21 Loom
30:25 Town Watch
34:50 Two-Man Saw
33:40 Elite Longbowman
36:16 Fletching
36:28 Padded Archer Armor
36:41 Fortified Wall
37:32 Chemistry
36:53 Ballistics
36:14 Treadmill Crane
36:40 Siege Engineers
36:46 Masonry
37:08 Yeomen
36:49 Warwolf
38:02 Conscription
37:45 Bodkin Arrow
38:06 Leather Archer Armor
38:55 Bracer
40:36 Ring Archer Armor
40:24 Forging
40:55 Hoardings
41:12 Murder Holes
41:11 Guard Tower
41:59 Squires
45:36 Scale Mail Armor
maueg2809
13:41 Feudal Age
15:07 Wheelbarrow
14:21 Horse Collar
14:40 Double-Bit Axe
21:11 Stone Mining
21:26 Gold Mining
28:31 Castle Age
28:31 Forging
28:22 Scale Mail Armor
28:22 Padded Archer Armor
28:13 Fletching
29:49 Stone Shaft Mining
29:49 Gold Shaft Mining
29:18 Heavy Plow
29:37 Hand Cart
29:38 Bow Saw
34:57 Imperial Age
34:27 Arson
34:43 Squires
34:29 Gambesons
34:12 Eagle Warrior
34:15 Pikeman
34:53 Elite Skirmisher
36:00 Ballistics
37:43 Chemistry
37:28 Iron Casting
37:08 Chain Mail Armor
38:09 Atlatl
40:18 Caravan
43:01 Blast Furnace
42:32 Plate Mail Armor
42:17 Leather Archer Armor
41:58 Bodkin Arrow
41:32 Elite Jaguar Warrior
43:27 Garland Wars
44:39 Siege Engineers
45:32 Bodkin Arrow
46:56 Bracer
53:37 Elite Eagle Warrior
el_tono
12:45 Feudal Age
15:05 Man-at-Arms
24:08 Castle Age
24:29 Long Swordsman
24:39 Crossbowman
28:19 Murder Holes
28:58 Ballistics
28:41 Treadmill Crane
29:25 Arson
29:43 Squires
29:33 Gambesons
30:52 Guard Tower
35:45 Imperial Age
34:26 Thumb Ring
36:13 Two-Handed Swordsman
39:16 Double-Bit Axe
39:17 Horse Collar
39:39 Gold Mining
39:44 Stone Mining
40:38 Wheelbarrow
40:18 Scale Barding Armor
40:16 Scale Mail Armor
41:24 Champion
42:55 Capped Ram
43:59 Arbalester
46:11 Onager
48:00 Chemistry
48:36 Forging
48:19 Fletching
48:31 Padded Archer Armor
49:43 Chain Barding Armor
50:32 Bodkin Arrow
50:54 Leather Archer Armor
50:56 Chain Mail Armor
52:16 Hand Cart
gerole
13:47 Feudal Age
15:51 Gold Mining
15:55 Double-Bit Axe
15:56 Horse Collar
17:33 Man-at-Arms
19:08 Forging
23:19 Scale Mail Armor
26:15 Castle Age
24:57 Fletching
27:01 Long Swordsman
28:03 Bow Saw
33:07 Iron Casting
35:28 Heavy Plow
36:44 Gold Shaft Mining
36:02 Stone Mining
39:57 Imperial Age
37:49 Ballistas
40:07 Wheelbarrow
40:00 Legionary
40:03 Heavy Scorpion
lmol
13:18 Feudal Age
14:35 Wheelbarrow
13:49 Double-Bit Axe
14:01 Stone Mining
14:52 Town Watch
20:05 Gold Mining
21:51 Horse Collar
25:01 Castle Age
24:58 Scale Mail Armor
25:09 Forging
26:06 Bow Saw
26:47 Hand Cart
27:03 Town Patrol
27:07 Heavy Plow
27:02 Pikeman
27:45 Squires
28:14 Detinets
28:55 Iron Casting
29:13 Murder Holes
30:25 Fortified Wall
30:37 Ballistics
32:05 Scale Barding Armor
32:16 Chain Mail Armor
35:50 Imperial Age
34:40 Gold Shaft Mining
41:09 Chemistry
40:20 Masonry
40:16 Siege Engineers
49:39 Elite Boyar
51:29 Druzhina
Connection lost

Rejoining the realm…

Still unreachable

The connection could not be restored.

Session expired

The server has moved on; the page needs a fresh start.